Map: Ice and Chrome LE

Players

AGOElazer (Elazer) - Winner!

  • Race: Zerg Zerg
  • League: Grandmaster
  • Spawn Location: 1:00

Vanya

  • Race: Zerg Zerg
  • League: Grandmaster
  • Spawn Location: 7:00

Event: DreamHack SC2 Masters 2020 Summer Europe

VOD

Have the link to the VOD?

Description

Time

  • Played on: July 3, 2020, 10:44 a.m.
  • Length: 11:24

All games in this series

Show
View Real Time Build Order
Export as new Build Order

AGOElazer Zerg - Winner!

Build Orders: Hatch First 

Get SALT Encoding   

  12  0:00  Drone  
  13  0:12  Overlord  
  13  0:16  Drone  
  14  0:30  Drone x2  
  16  0:46  Hatchery  
  15  0:50  Drone  
  15  0:54  Drone  
  17  0:57  Drone  
  18  1:08  Extractor  
  17  1:12  Spawning Pool  
  17  1:15  Drone  
  17  1:18  Drone  
  18  1:27  Drone  
  19  1:38  Drone  
  20  1:49  Drone  
  21  1:59  Queen x2, Zergling x2  
  21  2:00  Overlord  
  26  2:09  Drone  
  26  2:10  Drone  
  28  2:16  Spine Crawler  
  28  2:20  Zergling x2  
  28  2:22  Zergling x2  
  30  2:35  Queen  
  31  2:42  Drone x3  
  34  2:47  Drone  
  35  2:59  Evolution Chamber  
  35  3:01  Roach Warren  
  33  3:06  Evolution Chamber  
  33  3:07  Evolution Chamber  
  33  3:12  Zergling x4  
  30  3:20  Zergling x4  
  32  3:29  Evolution Chamber  
  31  3:35  Queen  
  31  3:36  Zergling x6  
  31  3:40  Roach Warren  
  34  3:52  Queen  
  34  3:58  Evolution Chamber  
  34  4:01  Drone x2  
  35  4:09  Drone  
  35  4:19  Overlord  
  35  4:28  Evolution Chamber  
  34  4:43  Drone x7  
  38  4:48  Roach  
  40  4:54  Roach  
  40  4:57  Overlord  
  36  5:02  Zerg Missile Weapons Level 1  
  36  5:05  Drone  
  37  5:10  Drone x2  
  39  5:15  Roach  
  39  5:20  Drone  
  42  5:31  Roach x3  
  42  5:34  Drone  
  49  5:37  Drone  
  49  5:40  Drone  
  51  5:45  Overlord  
  51  5:53  Lair  
  51  6:04  Drone x5  
  51  6:10  Overlord  
  56  6:17  Drone x3  
  59  6:23  Overlord  
  59  6:27  Metabolic Boost  
  59  6:29  Drone x2  
  59  6:31  Drone  
  62  6:34  Drone x2  
  64  6:40  Overlord  
  64  6:44  Zerg Ground Armor Level 1  
  64  6:46  Overlord  
  64  6:50  Glial Reconstitution  
  64  6:55  Extractor  
  64  6:56  Drone x3  
  64  6:57  Extractor  
  64  6:59  Drone  
  66  7:04  Drone x3  
  66  7:07  Drone x2  
  71  7:12  Roach x2  
  75  7:17  Roach  
  75  7:21  Overlord  
  77  7:24  Extractor  
  76  7:32  Queen x2  
  76  7:35  Overlord  
  76  7:36  Zergling x6  
  83  7:42  Nydus Network  
  82  7:56  Overlord  
  82  8:02  Overlord  
  82  8:05  Roach x2  
  86  8:08  Roach  
  86  8:11  Hatchery, Roach  
  89  8:18  Nydus Canal  
  89  8:26  Overlord  
  89  8:27  Queen x2  
  89  8:33  Nydus Canal  
  93  8:36  Roach x2  
  97  8:41  Zerg Missile Weapons Level 2  
  97  8:49  Spore Crawler  
  90  9:02  Roach x3  
  96  9:04  Nydus Canal  
  96  9:05  Spore Crawler  
  95  9:15  Roach x3  
  101  9:20  Nydus Canal  
  101  9:26  Queen  
  101  9:30  Queen  
  105  9:41  Spore Crawler  
  98  10:00  Roach  
  98  10:01  Roach x3  
  98  10:02  Queen  
  98  10:06  Queen  
  109  10:11  Nydus Canal  
  109  10:14  Roach  
  109  10:21  Drone x3  
  111  10:34  Queen  
  108  10:37  Nydus Canal, Queen  
  108  10:40  Roach x4  
  113  10:48  Spore Crawler  
Show
View Real Time Build Order
Export as new Build Order

Vanya Zerg 

Build Orders: Pool First, Zergling Baneling 

Get SALT Encoding   

  12  0:00  Drone  
  13  0:12  Overlord  
  13  0:16  Drone  
  14  0:30  Drone  
  14  0:31  Drone  
  16  0:40  Spawning Pool  
  15  0:43  Drone  
  15  0:46  Extractor  
  15  0:49  Drone  
  16  1:10  Hatchery  
  15  1:26  Zergling x6  
  18  1:35  Queen  
  20  1:43  Zergling x2  
  21  1:48  Metabolic Boost  
  21  1:57  Overlord  
  21  2:05  Baneling Nest  
  20  2:10  Zergling x2  
  20  2:14  Zergling x2  
  22  2:21  Zergling x2  
  23  2:24  Zergling x2  
  24  2:37  Zergling x4  
  25  2:48  Zergling x6  
  25  2:50  Zergling x2  
  29  3:00  Zergling x4  
  31  3:10  Zergling x4  
  33  3:13  Baneling x4  
  33  3:19  Zergling x2  
  34  3:24  Zergling x2  
  33  3:27  Baneling x2  
  30  3:35  Zergling x4  
  29  3:43  Zergling x2  
  27  3:53  Zergling x6  
  26  4:00  Zergling x2  
  26  4:07  Zergling x4  
  28  4:16  Zergling x4  
  30  4:20  Zergling x2  
  30  4:27  Zergling x4  
  30  4:37  Baneling x2  
  29  4:40  Zergling x4  
  31  4:45  Drone  
  31  4:50  Drone  
  31  4:53  Drone  
  31  4:59  Drone x2  
  31  5:11  Lair  
  31  5:16  Drone  
  31  5:21  Overlord  
  32  5:23  Drone  
  32  5:26  Drone  
  34  5:30  Drone  
  35  5:39  Drone x3  
  35  5:41  Drone  
  39  5:45  Drone, Extractor  
  39  5:48  Drone  
  40  5:58  Overlord  
  40  6:03  Drone x3  
  43  6:10  Spire  
  42  6:19  Drone x3, Extractor  
  42  6:21  Drone  
  42  6:22  Extractor  
  44  6:28  Drone x3  
  47  6:37  Overlord  
  47  6:39  Zergling x4  
  49  6:46  Zergling x4  
  51  6:50  Overlord  
  51  6:55  Queen  
  51  7:00  Overlord  
  53  7:14  Drone x2  
  55  7:22  Mutalisk x4  
  63  7:25  Mutalisk  
  64  7:42  Mutalisk x3  
  70  7:49  Mutalisk  
  72  7:52  Overlord  
  72  7:53  Zergling x2  
  72  7:54  Zergling x6  
  76  7:59  Spine Crawler  
  76  8:02  Zerg Flyer Weapons Level 1  
  75  8:10  Drone  
  75  8:12  Mutalisk  
  77  8:26  Mutalisk  
  77  8:30  Hatchery  
  77  8:32  Mutalisk  
  80  8:35  Overlord  
  80  8:38  Mutalisk  
  82  8:44  Overlord  
  82  8:50  Overlord  
  80  9:03  Mutalisk x3  
  86  9:11  Spine Crawler  
  86  9:15  Spine Crawler  
  85  9:20  Spine Crawler  
  85  9:22  Mutalisk x2  
  85  9:27  Spine Crawler  
  84  9:36  Mutalisk  
  86  9:40  Mutalisk  
  87  9:46  Overlord  
  74  9:54  Mutalisk  
  74  9:57  Spine Crawler  
  74  9:58  Spine Crawler  
  70  10:03  Mutalisk  
  71  10:11  Mutalisk  
  72  10:17  Mutalisk  
  72  10:21  Spine Crawler  
  73  10:26  Mutalisk  
  68  10:48  Mutalisk x2  
Tags
 
Add a new tag
Caveats
  • Supply blocks, unpowered buildings, or Contaminate may cause inaccurate times.
  • Supply counts are checked every 10 seconds.